 Dungeon Crawl Stone Soup version 0.30.2 (webtiles) character file.

Game seed: 10467336494626269078

15031 porpoise the Marksminotaur (level 11, -3/80 (91) HPs)
             Began as a Minotaur Hunter on Mar 2, 2024.
             Was a High Priest of Hepliaklqana.
             Slain by Rupert
             ... wielding a +1 great mace of draining
              (14 damage)
             ... on level 3 of the Lair of Beasts.
             The game lasted 00:36:55 (9966 turns).

porpoise the Marksminotaur (Minotaur Hunter)        Turns: 9966, Time: 00:36:55

HP:   -3/80 (91)    AC: 12    Str: 16    XL:     11   Next: 96%
MP:   15/15         EV: 17    Int:  6    God:    Hepliaklqana [*****.]
Gold: 646           SH:  0    Dex: 18    Spells: 10/10 levels left

rFire   . . .        b - +1 shortbow (heavy)
rCold   . . .        (shield currently unavailable)
rNeg    . . .        Q - +0 acid dragon scales
rPois   .            f - +2 hat
rElec   .            K - +1 cloak {Stlth+}
rCorr   +            W - +0 pair of gloves
SInv    .            (no boots)
Will    +....        d - amulet of regeneration
Stlth   ++           D - +5 ring of evasion
HPRegen 1.13/turn    M - ring of willpower
MPRegen 0.14/turn

%: no passive effects
@: hasted, heavily drained, very quick
A: reduced essence, horns 2, retaliatory headbutt
a: Renounce Religion, Recall Ancestor, Ancestor Identity, Transference, Idealise


You were on level 3 of the Lair of Beasts.
You worshipped Hepliaklqana.
Hepliaklqana was extremely pleased with you.
You visited 2 branches of the dungeon, and saw 13 of its levels.

You collected 646 gold pieces.

Inventory:

Hand Weapons
 a - a +0 shortbow
 b - a +1 heavy shortbow (weapon)
Armour
 f - a +2 hat (worn)
 K - a +1 cloak of stealth (worn)
 Q - +0 acid dragon scales (worn)
 W - a +0 pair of gloves (worn)
Jewellery
 c - a ring of see invisible
 d - an amulet of regeneration (around neck)
 i - a ring of positive energy
 D - a +5 ring of evasion (left hand)
 M - a ring of willpower (right hand)
 Y - a ring of flight
Wands
 p - a wand of quicksilver (6)
 r - a wand of polymorph (22)
 v - a wand of charming (19)
 L - a wand of flame (24)
 O - a wand of iceblast (1)
 T - a wand of digging (7)
Scrolls
 e - a scroll of noise
 k - 2 scrolls of fog
 l - 6 scrolls of teleportation
 t - a scroll of vulnerability
 y - a scroll of fear
 A - a scroll of summoning
 B - a scroll of poison
 J - 4 scrolls of identify
Potions
 g - 4 potions of curing
 j - a potion of cancellation
 m - 3 potions of lignification
 n - 3 potions of might
 o - 4 potions of attraction
 q - 2 potions of heal wounds
 s - a potion of flight {unknown}
 u - a potion of magic
 C - 2 potions of resistance
 N - 2 potions of haste
Miscellaneous
 h - a piece from Xom's chessboard (15/15)


   Skills:
 + Level 11.1 Fighting
 * Level 15.6 Ranged Weapons
 - Level 5.0 Armour
 - Level 2.1 Dodging
 - Level 0.7 Stealth
 + Level 7.4 Invocations
 - Level 5.0 Evocations


You had 10 spell levels left.
You didn't know any spells.
Your spell library contained the following spells:

 Spells                   Type           Power      Damage    Failure   Level
 Lesser Beckoning         Tloc           0%         N/A       69%         2
 Poisonous Vapours        Pois/Air       0%         N/A       69%         2
 Gell's Gravitas          Tloc           0%         N/A       89%         3
 Mephitic Cloud           Conj/Pois/Air  0%         N/A       89%         3
 Teleport Other           Tloc           0%         N/A       89%         3
 Blade Hands              Tmut           0%         N/A       100%        5
 Freezing Cloud           Conj/Ice/Air   0%         6-21      100%        5
 Irradiate                Conj/Tmut      0%         3d11      100%        5
 Dragon Form              Tmut           0%         N/A       100%        7


Dungeon Overview and Level Annotations

Branches:
Dungeon (10/15)            Temple (0/1) D:4            Lair (3/5) D:10
 Shoals (0/4) Lair:3        Snake (0/4) Lair:2
    Orc: D:9-12

Altars:
Ashenzari
Dithmenos
Elyvilon
Hepliaklqana
Makhleb
Qazlal
Ru
Sif Muna
Trog
Vehumet
Xom
Yredelemnul
Zin
The Shining One
Jiyva

Annotations:
D:9 3 runed translucent doors, BaconRulez's ghost, journeyman HuFi
D:10 3 runed translucent doors, angrytalen3's ghost, journeyman MiGl
Lair:3 Rupert


Innate Abilities, Weirdness & Mutations

Your life essence is reduced to manifest your ancestor. (-10% HP)
You have a pair of horns on your head.
You reflexively headbutt those who attack you in melee.


Message History

The four-headed hydra completely misses you.
The four-headed hydra bites you but does no damage.
You shoot an arrow. The arrow hits the four-headed hydra!!
The four-headed hydra is almost dead.
Unknown command.
You shoot an arrow. The arrow hits the four-headed hydra!!
You kill the four-headed hydra!
Rupert yells loudly at you. You resist with some effort.
Your piece from Xom's chessboard (15/15) has regained one charge.
Your life force feels restored.
You shoot an arrow. The arrow hits Rupert!
Rupert is severely wounded.
Rupert yells loudly at you.
You are confused.
Unknown command.
You feel better.
A nearby plant withers and dies.
Rupert roars madly and goes into a rage!
Rupert goes berserk!
You shoot an arrow. The arrow hits Rupert.
Rupert is severely wounded.
Rupert closely misses you. You furiously retaliate!
You headbutt Rupert! You shoot an arrow. The arrow completely misses Rupert.
The arrow hits the plant!!
The plant begins to die.
The plant is lightly damaged.
Rupert hits you with a +1 great mace of draining!!
You feel drained.
You shoot an arrow. The arrow closely misses Rupert.
The arrow hits the plant.
The plant is lightly damaged.
Rupert hits you with a +1 great mace of draining.
* * * LOW HITPOINT WARNING * * *
You feel drained.
* * * LOW HITPOINT WARNING * * *
Unknown command.
You feel much better.
Rupert hits you with a +1 great mace of draining!!!
Ouch! That really hurt!
* * * LOW HITPOINT WARNING * * *
You feel drained.
You die...

###..##.###
#.....#
#.........##
##..>.#
########..P#
##...## ##..##
##....#
###...####..P...
#.#........##.#.
#.........######
#.#####....#...##
#...@...#.#####
#.....@....##
##....P#...#
##.>.##..## ##$.
#...# ##. #....#
.P .#..## .. #
#..


You could see Rupert (berserk).

Vanquished Creatures
  Gastronok (Lair:1)
  A hydra (Lair:3)
  Erica (D:10)
  A salamander (Lair:2)
  2 centaur zombies (D:10)
  Maurice (D:8)
  A cane toad (Lair:1)
  An unseen horror (D:7)
  2 rime drakes
  A komodo dragon (Lair:2)
  A hornet (D:8)
  A polar bear (Lair:2)
  3 blink frogs (Lair:1)
  2 dream sheep (Lair:3)
  10 yaks (D:10)
  2 wraiths
  A wyvern (Lair:2)
  An acid dragon (D:9)
  5 water moccasins
  An orc warrior (D:8)
  9 wolves
  2 centaurs
  A phantom (D:4)
  A kobold brigand (D:9)
  A gnoll sergeant (D:10)
  2 bullfrogs
  2 scorpions
  A wight (D:7)
  7 killer bees
  An electric eel (Lair:1)
  A howler monkey (D:6)
  4 lava snakes (Lair:2)
  3 orc priests
  Crazy Yiuf (D:5)
  2 hounds
  A jelly (D:6)
  2 orc wizards
  8 gnolls
  6 adders
  A shadow imp (D:7)
  2 white imps
  2 ufetubi
  2 worms (D:3)
  2 dart slugs
  28 orcs
  5 ball pythons
  An endoplasm (D:3)
  2 giant cockroaches (D:3)
  9 goblins
  2 hobgoblins (D:1)
  4 quokkas
  4 bats (D:1)
  2 frilled lizards
  16 kobolds
  4 rats
180 creatures vanquished.

Vanquished Creatures (collateral kills)
  A rime drake (Lair:2)
  A cane toad (Lair:1)
  Maggie (D:9)
  A komodo dragon (Lair:1)
  A blink frog (Lair:1)
  2 wyverns
  A basilisk (Lair:1)
  4 yaks (D:10)
  3 water moccasins
  2 black bears
  2 wolves (Lair:1)
  2 ogres
  A centaur (D:10)
  A phantom (D:5)
  2 kobold brigands
  A scorpion (D:6)
  2 wights (D:7)
  A hound (D:6)
  An orc priest (D:4)
  5 iguanas
  4 adders (D:3)
  2 gnolls
  A worm (D:5)
  4 orcs
  2 giant cockroaches
  A goblin (D:4)
  6 kobolds
55 creatures vanquished.

Vanquished Creatures (others)
  5 knights
5 creatures vanquished.

Grand Total: 240 creatures vanquished

Notes
Turn   | Place    | Note
-------+----------+-------------------------------------------
     0 | D:1      | porpoise the Minotaur Hunter began the quest for the Orb.
     0 | D:1      | Reached XP level 1. HP: 18/18 MP: 0/0
   129 | D:1      | Reached XP level 2. HP: 25/25 MP: 1/1
   273 | D:1      | Reached skill level 1 in Armour
   683 | D:2      | Reached skill level 5 in Ranged Weapons
   683 | D:2      | Reached XP level 3. HP: 31/31 MP: 2/2
   715 | D:2      | Found a faded altar of an unknown god.
   827 | D:2      | Found a hazy altar of Hepliaklqana.
   834 | D:2      | Became a worshipper of Hepliaklqana the Forgotten
  1602 | D:3      | Reached * piety under Hepliaklqana
  1653 | D:3      | Reached XP level 4. HP: 26/34 MP: 3/3
  2178 | D:4      | Noticed an angel
  2178 | D:4      | Found a shimmering altar of Xom.
  2178 | D:4      | Found a glowing silver altar of Zin.
  2222 | D:4      | Found a staircase to the Ecumenical Temple.
  2222 | D:4      | You fall into a shaft and drop 3 floors!
  2231 | D:6      | Noticed Eustachio
  2233 | D:6      | Reached XP level 5. HP: 34/41 MP: 1/4
  2245 | D:6      | Reached skill level 6 in Ranged Weapons
  2245 | D:6      | Eustachio changed into Eustachio the water moccasin
  2245 | D:6      | Noticed Eustachio
  2248 | D:6      | Killed Eustachio the water moccasin
  2292 | D:6      | Reached XP level 6. HP: 36/47 MP: 2/5
  2462 | D:5      | Entered Level 5 of the Dungeon
  2462 | D:5      | Noticed a water moccasin
  2469 | D:5      | Killed a water moccasin
  2470 | D:5      | Reached skill level 7 in Ranged Weapons
  2517 | D:5      | Reached skill level 5 in Fighting
  2517 | D:5      | Reached XP level 7. HP: 54/54 MP: 6/6
  2537 | D:5      | Found a white marble altar of Elyvilon.
  2729 | D:4      | Reached ** piety under Hepliaklqana
  2730 | D:4      | Remembered your ancestor Nikki as a knight
  2884 | D:4      | Reached skill level 8 in Ranged Weapons
  3317 | D:5      | Found a burning altar of Makhleb.
  3342 | D:5      | Reached skill level 5 in Armour
  3627 | D:5      | Found a runed translucent door.
  3628 | D:5      | Noticed Crazy Yiuf
  3659 | D:5      | Reached skill level 1 in Invocations
  3659 | D:5      | Reached XP level 8. HP: 63/63 MP: 7/7
  3893 | D:5      | Killed Crazy Yiuf
  3951 | D:6      | Found a broken altar of Ashenzari.
  4034 | D:6      | Reached skill level 9 in Ranged Weapons
  4046 | D:6      | Found a shadowy altar of Dithmenos.
  4330 | D:6      | Reached *** piety under Hepliaklqana
  4525 | D:6      | Found a glowing golden altar of the Shining One.
  4662 | D:7      | Killed an unseen horror
  5057 | D:7      | Found a shimmering blue altar of Sif Muna.
  5105 | D:7      | Reached skill level 10 in Ranged Weapons
  5157 | D:7      | Reached XP level 9. HP: 71/71 MP: 10/10
  5320 | D:8      | Found a sacrificial altar of Ru.
  5369 | D:8      | Noticed Maurice
  5380 | D:8      | Killed Maurice
  5470 | D:8      | Found a stormy altar of Qazlal.
  5536 | D:8      | Reached skill level 11 in Ranged Weapons
  5591 | D:8      | Found a hazy altar of Hepliaklqana.
  5886 | D:9      | Reached **** piety under Hepliaklqana
  5902 | D:9      | Found a runed translucent gate.
  5902 | D:9      | Found a runed translucent gate.
  5903 | D:9      | Found a runed translucent gate.
  5905 | D:9      | Noticed BaconRulez's ghost (journeyman HuFi)
  5950 | D:9      | Reached skill level 5 in Invocations
  6076 | D:9      | Noticed Maggie
  6082 | D:9      | Killed Maggie
  6701 | D:9      | Found a viscous altar of Jiyva.
  6727 | D:10     | Entered Level 10 of the Dungeon
  6748 | D:10     | Noticed Erica
  6754 | D:10     | Killed Erica
  6755 | D:10     | Reached skill level 12 in Ranged Weapons
  6755 | D:10     | Reached XP level 10. HP: 70/81 MP: 13/13
  6843 | D:10     | Reached skill level 1 in Evocations
  6859 | D:10     | Reached skill level 13 in Ranged Weapons
  7030 | D:10     | Found a runed translucent gate.
  7032 | D:10     | Found a runed translucent gate.
  7032 | D:10     | Noticed angrytalen3's ghost (journeyman MiGl)
  7033 | D:10     | Found a runed translucent gate.
  7066 | D:10     | Found a radiant altar of Vehumet.
  7168 | D:10     | Found a bloodstained altar of Trog.
  7259 | D:10     | Reached ***** piety under Hepliaklqana
  7491 | D:10     | Found a basalt altar of Yredelemnul.
  7544 | D:10     | Found a staircase to the Lair.
  7661 | Lair:1   | Entered Level 1 of the Lair of Beasts
  7695 | Lair:1   | Noticed a cane toad
  7699 | Lair:1   | Killed a cane toad
  7700 | Lair:1   | Reached XP level 11. HP: 87/87 MP: 15/15
  7844 | Lair:1   | Noticed Gastronok
  7852 | Lair:1   | Killed Gastronok
  7853 | Lair:1   | Reached skill level 14 in Ranged Weapons
  8015 | Lair:1   | Reached skill level 10 in Fighting
  8871 | Lair:2   | Reached skill level 15 in Ranged Weapons
  9093 | Lair:2   | Reached skill level 5 in Evocations
  9334 | Lair:2   | Found a staircase to the Snake Pit.
  9601 | Lair:3   | HP: 4/90 [blink frog (38)]
  9899 | Lair:3   | Found a staircase to the Shoals.
  9941 | Lair:3   | Noticed a four-headed hydra
  9945 | Lair:3   | Noticed Rupert
  9960 | Lair:3   | Killed a four-headed hydra
  9966 | Lair:3   | Slain by Rupert

Illustrated notes

Levels and vault maps discovered:
D:1:      co_arrival_square_in_a_square_in_a_square, layout_loops_cross,
          feat_on_display
D:2:      layout_loops_ring, ebering_ecumenical_altar_sacrificial, basic_altar,
          grunt_decor_cap, wander_ebering_terrifying_dragon_lair
D:3:      layout_basic, dk_vineyard_2, serial_bayou_lagoon_a
D:4:      layout_loops_cross, grunt_temple_overflow_order_and_chaos_1,
          minmay_temple_entry_arrows
D:5:      layout_basic, mainiacjoe_overflow_alcove_1,
          mainiacjoe_overflow_concentric_impassable, uniq_crazy_yiuf_cottage
D:6:      layout_basic, lemuel_round_altar, lemuel_doored_altar,
          nicolae_dithmenos_shadow_blocks, uniq_eustachio
D:7:      layout_loops_ring, nicolae_sif_muna_little_library
D:8:      layout_cave_pools, mainiacjoe_overflow_chevrons,
          nicolae_qazlal_scattered_showers, lemuel_tele_altar, uniq_maurice
D:9:      layout_basic, gammafunk_ghost_ooze, uniq_maggie
D:10:     layout_roguey, lemuel_zombie_altar_yredelemnul,
          mainiacjoe_overflow_catwalk, nicolae_overflow_crystal_walls,
          lair_entry_dummy, gammafunk_ghost_nasty_kobolds, uniq_erica
Lair:1:   layout_regular_city, infiniplex_staircase_pool, serial_bayou_shore_b,
          uniq_gastronok
Lair:2:   layout_roguey, nicolae_snake_entry_warm_welcome, serial_bayou_crossing
Lair:3:   layout_layer_cave, shoals_dummy_entry, uniq_rupert

Skill      XL: |  1  2  3  4  5  6  7  8  9 10 11 |
---------------+----------------------------------+-----
Armour         | 1 2 3 4 5 |  5.0
Fighting       | 3 4 5 6 7 9 11 | 11.1
Ranged Weapons | 5 6 7 8 10 12 13 15 | 15.6
Invocations    | 1 3 6 7 |  7.4
Evocations     | 3 5 |  5.0
Dodging        | |  2.1
Stealth        | |  0.7

Action                     |  1- 3 |  4- 6 |  7- 9 | 10-12 || total
---------------------------+-------+-------+-------+-------++-------
   Fire: Shortbow          |    97 |    99 |   312 |   241 ||   749
 Invoke: Ancestor Identity |     1 |       |       |       ||     1
         Recall Ancestor   |       |     2 |       |     1 ||     3
         Ancestor Life: Kn |       |       |     1 |       ||     1
  Evoke: Wand              |       |     1 |       |     1 ||     2
         Piece from Xom's  |       |       |       |     1 ||     1
    Use: Scroll            |     3 |     8 |     4 |     6 ||    21
         Potion            |       |       |       |     4 ||     4
 Armour: Leather armour    |     9 |    10 |    14 |       ||    33
         Acid dragon scale |       |       |     7 |    22 ||    29
  Dodge: Dodged            |    31 |    20 |    77 |    89 ||   217
